 Dungeon Crawl Stone Soup version 0.31-a0-986-g5e6e4ef867 (webtiles) character file.

Game seed: 2670139044420694683

457 zazu2006 the Magician (level 7, -8/52 HPs)
             Began as a Gnoll Wanderer on Nov 7, 2023.
             Killed by divine providence
             ... invoked by an orc priest
              (11 damage)
             ... on level 5 of the Dungeon.
             The game lasted 00:11:28 (4171 turns).

zazu2006 the Magician (Gnoll Wanderer)              Turns: 4171, Time: 00:11:29

Health: -8/52      AC:  3    Str:  6 (9)  XL:     7   Next: 6%
Magic:  18/18      EV: 14    Int: 10 (13) God:
Gold:   163        SH:  0    Dex: 13 (14) Spells: 20/21 levels left

rFire   . . .        a - +2 falchion
rCold   . . .        (no shield)
rNeg    . . .        d - +0 robe
rPois   .            (no helmet)
rElec   .            (no cloak)
rCorr   .            b - +0 pair of gloves
SInv    .            (no boots)
Will    .....        (no amulet)
Stlth   ++           (no ring)
HPRegen 0.28/turn    (no ring)
MPRegen 0.16/turn

%: no passive effects
@: mighty, on berserk cooldown
A: fangs 1, strong nose, distributed training
a: no special abilities


You were on level 5 of the Dungeon.
You visited 1 branch of the dungeon, and saw 5 of its levels.

You collected 163 gold pieces.

Inventory:

Hand Weapons
 a - a +2 falchion (weapon)
Missiles
 h - 11 poisoned darts
Armour
 b - a +0 pair of gloves (worn)
 d - a +0 robe (worn)
Jewellery
 v - a +6 ring of strength
Wands
 r - a wand of paralysis (1)
Scrolls
 g - a scroll of enchant armour
 i - 4 scrolls of fog
 l - a scroll of teleportation
 s - a scroll of poison
 u - a scroll of enchant weapon {unknown}
Potions
 e - a potion of brilliance
 n - a potion of degeneration


   Skills:
 + Level 3.4 Fighting
 + Level 2.2 Short Blades
 + Level 6.9 Long Blades
 + Level 2.2 Axes
 + Level 2.2 Maces & Flails
 + Level 2.2 Polearms
 + Level 2.2 Staves
 + Level 2.2 Ranged Weapons
 + Level 2.2 Throwing
 + Level 3.4 Armour
 + Level 5.1 Dodging
 + Level 2.2 Stealth
 + Level 2.2 Shields
 + Level 2.2 Unarmed Combat
 + Level 7.5 Spellcasting
 + Level 1.8 Conjurations
 + Level 1.8 Hexes
 + Level 1.8 Summonings
 + Level 1.8 Necromancy
 + Level 1.8 Translocations
 + Level 1.8 Transmutations
 + Level 1.8 Fire Magic
 + Level 1.8 Ice Magic
 + Level 1.8 Air Magic
 + Level 1.8 Earth Magic
 + Level 1.8 Poison Magic
 + Level 2.5 Invocations
 + Level 2.2 Evocations
 + Level 2.0 Shapeshifting


You had 20 spell levels left.
You knew the following spells:

 Your Spells              Type           Power      Damage    Failure   Level
a - Foxfire               Conj/Fire      28%        2x1d5     9%          1

Your spell library contained the following spells:

 Spells                   Type           Power      Damage    Failure   Level
 Apportation              Tloc           14%        N/A       9%          1
 Necrotise                Necr           28%        1d5       9%          1
 Summon Small Mammal      Summ           28%        N/A       9%          1
 Call Canine Familiar     Summ           7%         N/A       26%         3
 Ignite Poison            Fire/Tmut/Pois 7%         N/A       26%         3
 Summon Guardian Golem    Hex/Summ       7%         N/A       26%         3
 Leda's Liquefaction      Hex/Erth       3%         N/A       63%         4
 Lee's Rapid Deconstruct  Erth           3%         3d5*      93%         5
 Bombard                  Conj/Erth      3%         9d1       100%        6


Dungeon Overview and Level Annotations

Branches:
Dungeon (5/15)
 Temple: D:4-7

Altars:
Dithmenos
Ru
Sif Muna
Uskayaw

Shops:
D:1 *=:   D:4 *


Innate Abilities, Weirdness & Mutations

You have very sharp teeth.
Your uncanny sense of smell can sniff out nearby items.
Your experience applies equally to all skills.


Message History

The iguana is heavily wounded.
The helpless iguana fails to defend itself.
You slash the iguana!
You kill the iguana!
You barely miss the quokka.
The quokka is moderately wounded.
The quokka misses you.
The quokka bites you but does no damage.
You feel yourself speed up. The quokka barely misses you.
The orc priest casts a cantrip, but nothing happens.
The quokka barely misses you. The quokka bites you.
An iguana comes into view.
You feel a little less clever now.
You open the door.
A kobold zombie comes into view.
The quokka misses you.
The iguana hisses angrily.
There is an open door here.
The quokka closely misses you.
The orc priest invokes the aid of Beogh against you.
Beogh smites you!
* * * LOW HITPOINT WARNING * * *
The orc wizard gestures wildly while chanting.
The orc wizard flickers and vanishes!
The kobold zombie hits you but does no damage.
The quokka bites you.
* * * LOW HITPOINT WARNING * * *
Unknown command.
Unknown command.
It was a potion of might.
You feel very mighty all of a sudden. The kobold zombie hits you.
* * * LOW HITPOINT WARNING * * *
The quokka barely misses you.
You hit the kobold zombie.
The kobold zombie is moderately damaged.
The orc priest mumbles some strange prayers to Beogh against you.
Beogh smites you!
You die...

.o{{................#
.or#######..##......#
...h....,#.[##......#
P..#####.#..####..#.#
P..#.........##.....#
...#.###.....#..#{..#
...#,* #.....o.##o#.#
##.#,* #.....o###r#.#
,,.#,* #.....##Z@.#,#
_,,*,* #....#.###.#,*
,,,*,* ##..##.,*#.#,*
,,,*,**#..#**..,#l.,*
,*,*,,.).#*∩+..,...#*
,,,,,*.#.,***,,,#..#
**,*,*,**,,**,,*#..#
,*,*,,,***,,*,***..#
,*,***** **,,**,+,,*


You could see an iguana, an orc priest, a kobold zombie and a quokka.

Vanquished Creatures
  A phantom (D:5)
  A scorpion (D:5)
  A hound (D:4)
  Jessica (D:2)
  3 iguanas
  Natasha (twice) (D:2)
  4 adders
  2 worms
  3 dart slugs
  8 orcs
  5 bats
  7 endoplasms
  6 giant cockroaches
  11 goblins
  7 hobgoblins
  3 jackals
  A quokka (D:3)
  3 ball pythons
  4 frilled lizards
  10 kobolds
  6 rats
89 creatures vanquished.

Vanquished Creatures (others)
  244 foxfires
244 creatures vanquished.

Grand Total: 333 creatures vanquished

Notes
Turn   | Place    | Note
-------+----------+-------------------------------------------
     0 | D:1      | zazu2006 the Gnoll Wanderer began the quest for the Orb.
     0 | D:1      | zazu2006 set off with the following items: a +2 falchion, a
                  | +0 pair of gloves, a scroll of blinking, a +0 robe; and the
                  | following spell memorised: Foxfire; and the following
                  | spells available to memorise: Ignite Poison.
     0 | D:1      | Reached XP level 1. HP: 17/17 MP: 8/8
   136 | D:1      | Reached XP level 2. HP: 23/23 MP: 3/10
   245 | D:1      | Found Zutal's Book Shop.
   245 | D:1      | Noticed a walking frostbound tome
   245 | D:1      | Noticed a walking earthen tome
   460 | D:1      | Found Vijixzi's General Store.
   501 | D:1      | Found Caugguog's Jewellery Shoppe.
   932 | D:2      | Found a sacrificial altar of Ru.
  1175 | D:2      | Reached XP level 3. HP: 28/28 MP: 8/11
  1447 | D:2      | Noticed Natasha
  1454 | D:2      | Killed Natasha
  1455 | D:2      | Reached skill level 1 in Short Blades
  1455 | D:2      | Reached skill level 1 in Axes
  1455 | D:2      | Reached skill level 1 in Maces & Flails
  1455 | D:2      | Reached skill level 1 in Polearms
  1455 | D:2      | Reached skill level 1 in Staves
  1455 | D:2      | Reached skill level 1 in Ranged Weapons
  1455 | D:2      | Reached skill level 1 in Throwing
  1455 | D:2      | Reached skill level 1 in Stealth
  1455 | D:2      | Reached skill level 1 in Shields
  1455 | D:2      | Reached skill level 1 in Unarmed Combat
  1455 | D:2      | Reached skill level 1 in Invocations
  1455 | D:2      | Reached skill level 1 in Evocations
  1487 | D:2      | Reached skill level 1 in Shapeshifting
  1487 | D:2      | Reached XP level 4. HP: 34/34 MP: 10/13
  1622 | D:2      | Noticed Jessica
  1628 | D:2      | Killed Jessica
  1629 | D:2      | Reached skill level 1 in Conjurations
  1629 | D:2      | Reached skill level 1 in Hexes
  1629 | D:2      | Reached skill level 1 in Summonings
  1629 | D:2      | Reached skill level 1 in Necromancy
  1629 | D:2      | Reached skill level 1 in Translocations
  1629 | D:2      | Reached skill level 1 in Transmutations
  1629 | D:2      | Reached skill level 1 in Fire Magic
  1629 | D:2      | Reached skill level 1 in Ice Magic
  1629 | D:2      | Reached skill level 1 in Air Magic
  1629 | D:2      | Reached skill level 1 in Earth Magic
  1629 | D:2      | Reached skill level 1 in Poison Magic
  1922 | D:2      | Noticed Natasha
  1929 | D:2      | Killed Natasha
  1930 | D:2      | Reached XP level 5. HP: 40/40 MP: 10/14
  2227 | D:3      | Found a shimmering blue altar of Sif Muna.
  2247 | D:3      | Found a shadowy altar of Dithmenos.
  2930 | D:4      | Found a hide-covered altar of Uskayaw.
  3091 | D:4      | Noticed an orc warrior
  3169 | D:4      | Found Ruapliucw's Assorted Antiques.
  3260 | D:4      | Reached XP level 6. HP: 47/47 MP: 11/16
  3828 | D:4      | Reached skill level 5 in Dodging
  3862 | D:5      | Entered Level 5 of the Dungeon
  4103 | D:5      | Noticed a black bear
  4124 | D:5      | Reached XP level 7. HP: 11/52 MP: 11/18
  4127 | D:5      | HP: 2/52 [something/puff of flame (7)]
  4170 | D:5      | HP: 2/52 [kobold zombie (1)]
  4171 | D:5      | Killed from afar by an orc priest

Illustrated notes

Levels and vault maps discovered:
D:1:      psy_arrival_heroes, layout_basic, serial_shops,
          nicolae_shop_mannequins, shop, nicolae_shop_statue_plus
D:2:      layout_loops_corners, basic_altar, minivault_4,
          minmay_worlds_worst_comb, uniq_natasha, uniq_jessica
D:3:      layout_loops_ring, overflow_temple_1_default,
          mainiacjoe_overflow_catwalk, minivault_25, columned_hall_lemuel
D:4:      minmay_clustersquares, layout_loops_ring, nicolae_uskayaw_dance_hall,
          serial_shops, nicolae_shop_hallway_stairs
D:5:      layout_basic, mainiacjoe_overflow_tiny_flanked,
          mainiacjoe_overflow_chevrons, nicolae_ossuary_entry_giza, uniq_ijyb

Skill      XL: |  1  2  3  4  5  6 |
---------------+-------------------+-----
Short Blades   | 1 2 |  2.2
Axes           | 1 2 |  2.2
Maces & Flails | 1 2 |  2.2
Polearms       | 1 2 |  2.2
Staves         | 1 2 |  2.2
Ranged Weapons | 1 2 |  2.2
Throwing       | 1 2 |  2.2
Stealth        | 1 2 |  2.2
Shields        | 1 2 |  2.2
Unarmed Combat | 1 2 |  2.2
Invocations    | 1 2 |  2.5
Evocations     | 1 2 |  2.2
Shapeshifting  | 1 2 |  2.0
Conjurations   | 1 |  1.8
Hexes          | 1 |  1.8
Summonings     | 1 |  1.8
Necromancy     | 1 |  1.8
Translocations | 1 |  1.8
Transmutations | 1 |  1.8
Fire Magic     | 1 |  1.8
Ice Magic      | 1 |  1.8
Air Magic      | 1 |  1.8
Earth Magic    | 1 |  1.8
Poison Magic   | 1 |  1.8
Fighting       | 3 |  3.4
Armour         | 3 |  3.4
Dodging        | 5 |  5.1
Long Blades    | |  6.9
Spellcasting   | |  7.5

Action                     |  1- 3 |  4- 6 |  7- 9 || total
---------------------------+-------+-------+-------++-------
  Melee: Falchion          |     8 |    70 |     6 ||    84
         Bite              |       |     8 |       ||     8
   Cast: Foxfire           |    42 |   104 |     1 ||   147
  Evoke: Wand              |       |     2 |     5 ||     7
    Use: Scroll            |       |     7 |     1 ||     8
         Potion            |       |       |     6 ||     6
   Stab: Sleeping          |     1 |     2 |       ||     3
         Paralysed         |       |     4 |     3 ||     7
 Armour: Robe              |     7 |    50 |    18 ||    75
  Dodge: Dodged            |     7 |    81 |    17 ||   105

Table legend: (Time is in decaauts)
 A = Elapsed time spent in this place.
 B = Non-inter-level travel time spent in this place.
 C = Inter-level travel time spent in this place.
 D = Time resting spent in this place.
 E = Time spent auto-exploring this place.
 F = Levels seen in this place.
 G = Mean time per level.
                   A        B        C        D        E       F      G
               +--------+--------+--------+--------+--------+-----+--------+
         Total |   4180 |   4123 |     57 |      0 |   3387 |   5 |  836.0 |
       Dungeon |   4180 |   4123 |     57 |      0 |   3387 |   5 |  836.0 |
               +--------+--------+--------+--------+--------+-----+--------+

Top non-repeatable levels by time:
     D:2: 1115 daAuts
     D:4: 931 daAuts
     D:3: 912 daAuts
     D:1: 902 daAuts
     D:5: 320 daAuts
